 Dungeon Crawl Stone Soup version 0.30.0-5-g1a98f26d00 (webtiles) character file.

Game seed: 14349713550405458554

146 hogiebunz the Trooper (level 5, -4/47 HPs)
             Began as a Minotaur Berserker on May 9, 2023.
             Was a Believer of Trog.
             Slain by a gnoll
             ... wielding a +0 flail
              (5 damage)
             ... on level 3 of the Dungeon.
             The game lasted 00:04:45 (1442 turns).

hogiebunz the Trooper (Minotaur Berserker)          Turns: 1442, Time: 00:04:46

Health: -4/47      AC:  3    Str: 23    XL:     5   Next: 7%
Magic:  4/4        EV: 12    Int:  4    God:    Trog [**....]
Gold:   106        SH:  0    Dex: 10    Spells: 4/4 levels left

rFire   . . .        a - +1 spear
rCold   . . .        (no shield)
rNeg    . . .        b - +1 animal skin
rPois   .            (helmet restricted)
rElec   .            (no cloak)
rCorr   .            (no gloves)
SInv    .            (no boots)
Will    .....        (no amulet)
Stlth   +            (no ring)
HPRegen 0.27/turn    (no ring)
MPRegen 0.09/turn

%: no passive effects
@: on berserk cooldown, slowed, very slow
A: horns 2, retaliatory headbutt
a: Renounce Religion, Berserk, Trog's Hand


You were on level 3 of the Dungeon.
You worshipped Trog.
Trog was pleased with you.
You visited 1 branch of the dungeon, and saw 3 of its levels.

You collected 106 gold pieces.

Inventory:

Hand Weapons
 a - a +1 spear (weapon)
 i - a +4 whip
Armour
 b - a +1 animal skin (worn)
Jewellery
 e - an amulet of magic regeneration
Scrolls
 f - a scroll of enchant weapon
 k - a scroll of identify
Potions
 c - a potion of brilliance
 d - a potion of heal wounds {unknown}
 g - 2 potions of mutation {unknown}
 h - 2 potions of degeneration {unknown}
 n - a potion of resistance {unknown}
 o - 2 potions of flight {unknown}


   Skills:
 + Level 4.7 Fighting
 + Level 4.7 Polearms
 + Level 3.6 Armour
 + Level 3.4 Dodging


You had 4 spell levels left.
You didn't know any spells.
Your spell library was empty.

Dungeon Overview and Level Annotations

Branches:
Dungeon (3/15)

Altars:

Shops:
D:1 :


Innate Abilities, Weirdness & Mutations

You have a pair of horns on your head.
You reflexively headbutt those who attack you in melee.


Message History

You furiously retaliate!
You headbutt the hobgoblin.
Ijyb grins evilly.
Robin throws Ijyb at you!
A red film seems to cover your vision as you go berserk!
You feel yourself moving faster!
You feel mighty!
Ijyb no longer looks unusually strong.
The hobgoblin hits you but does no damage.
Ijyb zaps a wand.
The puff of flame hits you!
* * * LOW HITPOINT WARNING * * *
You puncture Ijyb!
Ijyb is severely wounded.
The hobgoblin hits you.
* * * LOW HITPOINT WARNING * * *
Ijyb zaps a wand.
The puff of flame misses you.
The puff of flame hits the hobgoblin.
The hobgoblin dies!
You puncture Ijyb!
You kill Ijyb!
Trog accepts your kill.
You puncture Robin!
Robin is severely wounded.
Robin misses you. You furiously retaliate!
You headbutt Robin.
You kill Robin!
Trog accepts your kill.
You have reached level 5!
Unknown command.
You are too injured to fight recklessly!
The frilled lizard misses you.
Items here: ) [[ †.
You feel a strong urge to attack something.
You feel your anger nearly subside.
You are no longer berserk.
You are exhausted.
You feel yourself slow down. The frilled lizard bites you.
* * * LOW HITPOINT WARNING * * *
You hit the frilled lizard.
You kill the frilled lizard!
Trog accepts your kill. The gnoll hits you with a +0 flail.
You die...

......### .l.g..... .
.......# #g...... ###.##...
#.# #.g..#
.......###.###)...#
#.##..#........####
.>......†gg†#.#.#.#
..######..#g#.)#)#.#.#
........)<#g###.#.#.#.#
.#####.)†#)@..#.#.#.#.#
#)#.#####.#.#.#.#.# #.#.###
##.#.#.#.#. ..
#.#...###.#.#.#.#.# ...
#.###......#.#.#.#.
....#####.# #.......#.#.#.#
..........# #......#.#.#.#.
#.......#####.###.#.#.#.#.#
#................#.#.#.#.#.


You could see 2 gnolls.

Vanquished Creatures
  Ijyb (D:3)
  Robin (D:3)
  4 adders (D:2)
  2 dart slugs
  5 orcs
  4 bats
  9 endoplasms
  3 giant cockroaches (D:2)
  8 goblins
  6 hobgoblins
  6 kobolds
  4 ball pythons
  5 frilled lizards
  6 rats
64 creatures vanquished.

Vanquished Creatures (others)
  A hobgoblin (D:3)
1 creature vanquished.

Grand Total: 65 creatures vanquished

Notes
Turn   | Place    | Note
-------+----------+-------------------------------------------
     0 | D:1      | hogiebunz the Minotaur Berserker began the quest for the
                  | Orb.
     0 | D:1      | Reached XP level 1. HP: 19/19 MP: 0/0
    72 | D:1      | Reached XP level 2. HP: 27/27 MP: 1/1
    85 | D:1      | Found Alimid's Book Shop.
   370 | D:1      | Reached ** piety under Trog
   733 | D:2      | Reached XP level 3. HP: 33/33 MP: 2/2
   996 | D:2      | Reached XP level 4. HP: 32/41 MP: 3/3
  1414 | D:3      | Noticed Robin
  1415 | D:3      | Noticed Ijyb
  1434 | D:3      | HP: 3/61 [hobgoblin (1)]
  1435 | D:3      | Killed Ijyb
  1436 | D:3      | Killed Robin
  1437 | D:3      | Reached XP level 5. HP: 4/47 MP: 4/4
  1441 | D:3      | HP: 1/47 [frilled lizard (3)]
  1442 | D:3      | Slain by a gnoll

Illustrated notes

Levels and vault maps discovered:
D:1:      lemuel_arrival_behind_the_door_large, layout_basic, serial_shops,
          nicolae_shop_tiny_waterfront, minmay_surrounded
D:2:      layout_rooms
D:3:      layout_basic, shapermc_ecumenical_altar_gd, nicolae_goblin_pals

Skill      XL: |  1  2  3 |
---------------+----------+-----
Fighting       | 4 |  4.7
Polearms       | 4 |  4.7
Armour         | 3 |  3.6
Dodging        | 3 |  3.4

Action                     |  1- 3 |  4- 6 || total
---------------------------+-------+-------++-------
  Melee: Spear             |    99 |    52 ||   151
         Headbutt          |    13 |     3 ||    16
         Punch             |     1 |     1 ||     2
 Invoke: Berserk           |       |     1 ||     1
    Use: Scroll            |       |     6 ||     6
   Stab: Sleeping          |     3 |       ||     3
 Armour: Animal skin       |    13 |     5 ||    18
  Dodge: Dodged            |    34 |    32 ||    66
